 Dungeon Sprint DCSS version 0.23.2-1-ga50397a (webtiles) character file.

Game seed: 10861382170129983649

719 Kahibar the Cleaver (level 7, 0/73 HPs)
             Began as a Hill Orc Fighter on May 11, 2019.
             Killed from afar by a white imp (5 damage)
             ... with a puff of frost
             ... summoned by a kobold demonologist
             ... in the Dungeon (Sprint I: "Red Sonja").
             The game lasted 00:12:16 (544 turns).

Kahibar the Cleaver (Hill Orc Fighter)               Turns: 544, Time: 00:12:17

Health: 0/73       AC:  8    Str: 21    XL:     7   Next: 70%
Magic:  7/7        EV:  9    Int:  8    God:
Gold:   313        SH: 11    Dex: 10    Spells: 6/6 levels left

rFire    . . .     SeeInvis .   a - +0 war axe
rCold    . . .     Gourm    .   c - +0 shield
rNeg     . . .     Faith    .   b - +0 scale mail
rPois    .         Spirit   .   (no helmet)
rElec    .         Reflect  .   (no cloak)
rCorr    .         Harm     .   (no gloves)
MR       .....     NoTele   +   (no boots)
Stlth    ..........             (no amulet)
HPRegen  0.22/turn              (no ring)
MPRegen  0.10/turn              (no ring)

@: lethally poisoned (0 -> 0)
A: no striking features
a: no special abilities


You were in the Dungeon.
You were not hungry.

You visited 1 branch You collected 423 gold pieces.
You spent 110 gold pieces at shops.

Inventory:

Hand Weapons
 a - a +0 war axe (weapon)
 g - a +0 scythe of freezing
 l - a +0 club
 n - a +0 club
Armour
 b - a +0 scale mail (worn)
 c - a +0 shield (worn)
 h - a +0 robe
 j - the +5 ring mail of the Onion {MR+ Dex+2, unknown}
   (You found it in the Dungeon)

   It affects your dexterity (+2).
   It affects your resistance to hostile enchantments.
 m - a +0 leather armour
 o - a +0 ring mail
Scrolls
 k - a scroll of blinking
Potions
 d - a potion of might
 i - 2 potions of magic
Comestibles
 f - a ration


   Skills:
 + Level 10.5 Fighting
 + Level 11.0 Axes
 + Level 9.4 Armour
 + Level 1.0 Dodging
 + Level 9.3 Shields


You had 6 spell levels left.
You didn't know any spells.
Your spell library was empty.

Dungeon Overview and Level Annotations

Branches:
Dungeon (1/1)

Altars:
Cheibriados
Dithmenos
Elyvilon
Fedhas
Gozag
Hepliaklqana
Kikubaaqudgha
Makhleb
Nemelex Xobeh
Okawaru
Qazlal
Ru
Sif Muna
Trog
Uskayaw
Vehumet
Wu Jian
Xom
Yredelemnul
Zin
The Shining One
Jiyva
Lugonu

Shops:
D *


Message History

You feel sick.
The kobold demonologist looks encouraged for a moment.
The kobold demonologist casts a cantrip, but nothing happens.
The white imp gestures at you. The puff of frost hits you!
* * * LOW HITPOINT WARNING * * *
You feel sick.
There is an open door here.
You feel sick. The white imp gestures at you. The puff of frost hits you!
* * * LOW HITPOINT WARNING * * *
There is an open door here.
The white imp gestures at you. You block the puff of frost.
You feel sick.
The kobold demonologist miscasts a cantrip.
The white imp gestures at you. The puff of frost hits you.
You die...

##########################
#<.#..)..#..'@.#__#..'...#
#..'..#..'..#..'545..#...#
#..#####'#####'#K_####45.+
#..####..#...#.#### ####
#..#__####..##.#
#..#_____##'#_.+
#⌠⌠#_.∩...'..._#
####_..__##_.#+#
#_____###+#


You could see a kobold demonologist, a red devil, a white imp and an ufetubus.

Vanquished Creatures
  A slime creature (D)
  Sigmund (D)
  A yak (D)
  A floating eye (D)
  An ogre (D)
  A jelly (D)
  Ijyb (D)
7 creatures vanquished.

Vanquished Creatures (others)
  A gargoyle (D)
1 creature vanquished.

Grand Total: 8 creatures vanquished

Notes
Turn   | Place    | Note
-------+----------+-------------------------------------------
     0 | D        | Kahibar the Hill Orc Fighter began the quest for the Orb.
     0 | D        | Reached XP level 1. HP: 19/19 MP: 1/1
     2 | D        | Noticed Ijyb
    10 | D        | Killed Ijyb
    10 | D        | Reached skill level 5 in Fighting
    10 | D        | Reached skill level 3 in Axes
    10 | D        | Reached XP level 2. HP: 29/29 MP: 2/2
    10 | D        | Reached XP level 3. HP: 36/36 MP: 3/3
    15 | D        | Noticed an ogre
    18 | D        | Killed an ogre
    18 | D        | Reached skill level 5 in Axes
    18 | D        | Reached XP level 4. HP: 45/45 MP: 4/4
    69 | D        | Noticed Sigmund
   119 | D        | Killed Sigmund
   119 | D        | Reached skill level 7 in Axes
   119 | D        | Reached XP level 5. HP: 17/56 MP: 5/5
   119 | D        | Reached XP level 6. HP: 19/62 MP: 6/6
   230 | D        | Killed a gargoyle
   336 | D        | Found an ornate altar of the Wu Jian Council.
   336 | D        | Found a deep blue altar of Sif Muna.
   338 | D        | Found a radiant altar of Vehumet.
   339 | D        | Got a distressingly furry ring mail
   370 | D        | Found Yrhado's Assorted Antiques.
   370 | D        | Found an ancient bone altar of Kikubaaqudgha.
   370 | D        | Found a hazy altar of Hepliaklqana.
   370 | D        | Found a stormy altar of Qazlal.
   370 | D        | Found a hide-covered altar of Uskayaw.
   370 | D        | Found a blossoming altar of Fedhas.
   370 | D        | Found a bloodstained altar of Trog.
   370 | D        | Found an iron altar of Okawaru.
   370 | D        | Found a basalt altar of Yredelemnul.
   370 | D        | Found a glowing golden altar of the Shining One.
   370 | D        | Found a snail-covered altar of Cheibriados.
   370 | D        | Found a sacrificial altar of Ru.
   370 | D        | Found a glowing silver altar of Zin.
   370 | D        | Found a shadowy altar of Dithmenos.
   370 | D        | Found a white marble altar of Elyvilon.
   370 | D        | Noticed a yak
   379 | D        | Killed a yak
   379 | D        | Reached skill level 9 in Axes
   379 | D        | Reached XP level 7. HP: 31/71 MP: 7/7
   383 | D        | Found an opulent altar of Gozag.
   384 | D        | Found a sparkling altar of Nemelex Xobeh.
   388 | D        | Bought a club for 22 gold pieces
   388 | D        | Bought a ring mail for 88 gold pieces
   461 | D        | Found a burning altar of Makhleb.
   461 | D        | Found a viscous altar of Jiyva.
   461 | D        | Found a shimmering altar of Xom.
   461 | D        | Found a corrupted altar of Lugonu.
   461 | D        | Noticed a slime creature
   484 | D        | Killed a slime creature
   484 | D        | Reached skill level 10 in Fighting
   484 | D        | Reached skill level 10 in Axes
   521 | D        | Noticed a kobold demonologist
   521 | D        | Noticed a kobold demonologist
   522 | D        | Paralysed by a floating eye for 4 turns
   526 | D        | Noticed a red devil
   528 | D        | Paralysed by a floating eye for 4 turns
   533 | D        | Reached skill level 11 in Axes
   533 | D        | Reached skill level 1 in Dodging
   544 | D        | Killed from afar by a white imp

Skill      XL: |  1  2  3  4  5  6  7 |
---------------+----------------------+-----
Fighting       | 5 6 8 9 10 | 10.5
Axes           | 3 5 7 9 11 | 11.0
Armour         | 4 6 7 8 9 |  9.4
Shields        | 4 6 7 8 9 |  9.3
Dodging        | 1 |  1.0

Action                   |  1- 3 |  4- 6 |  7- 9 || total
-------------------------+-------+-------+-------++-------
Melee: War axe           |     9 |    19 |    27 ||    55
  Use: Potion            |     1 |     2 |     1 ||     4
Armor: Scale mail        |     4 |     7 |    14 ||    25
Dodge: Dodged            |     2 |     3 |    10 ||    15
Block: Shield            |     2 |     6 |    16 ||    24
